 Dungeon Crawl Stone Soup version 0.22-a0-551-g3b2bdd4ba6 (webtiles) character file.

95 Faustar the Chopper (level 4, -5/42 HPs)
             Began as a Hill Orc Monk on June 25, 2018.
             Was a Believer of Beogh.
             Slain by an ogre
             ... wielding a +0 giant spiked club
              (10 damage)
             ... on level 3 of the Dungeon.
             The game lasted 00:03:13 (2038 turns).

Faustar the Chopper (Hill Orc Monk)                 Turns: 2038, Time: 00:03:14

Health: -5/42      AC:  6    Str: 17    XL:     4   Next: 65%
Magic:  4/4        EV: 11    Int: 10    God:    Beogh [**....]
Gold:   87         SH:  0    Dex: 13    Spells: 3/3 levels left

rFire    . . .     SeeInvis .   a - +0 hand axe
rCold    . . .     Gourm    .   (no shield)
rNeg     . . .     Faith    .   i - +0 ring mail
rPois    .         Spirit   .   (no helmet)
rElec    .         Reflect  .   (no cloak)
rCorr    .         Harm     .   m - +0 pair of gloves
MR       .....                  (no boots)
Stlth    +.........             (no amulet)
HPRegen  0.14/turn              f - +3 ring of strength
MPRegen  0.09/turn              (no ring)

@: no status effects
A: no striking features
a: Smiting, Renounce Religion


You were on level 3 of the Dungeon.
You worshipped Beogh.
Beogh was pleased with you.
You were hungry.

You visited 1 branch of the dungeon, and saw 3 of its levels.

You collected 87 gold pieces.

Inventory:

Hand Weapons
 a - a +0 hand axe (weapon)
Armour
 i - a +0 ring mail (worn)
 m - a +0 pair of gloves (worn)
Jewellery
 f - a +3 ring of strength (left hand)
Scrolls
 b - 2 scrolls of immolation {unknown}
 d - a scroll of identify {unknown}
 e - a scroll of fear {unknown}
 g - a scroll of enchant weapon {unknown}
 k - a scroll of teleportation {unknown}
 l - 2 scrolls of enchant armour {unknown}
 n - a scroll of amnesia {unknown}
Potions
 j - a potion of curing
Comestibles
 c - 4 rations


   Skills:
 + Level 5.1 Fighting
 + Level 5.6 Axes
 - Level 2.4 Dodging
 - Level 1.5 Stealth


You had 3 spell levels left.
You didn't know any spells.
Your spell library was empty.

Dungeon Overview and Level Annotations

Branches:
Dungeon (3/15)

Altars:
Fedhas
Nemelex Xobeh
Zin

Annotations:
D:2 Natasha, Sigmund


Message History

The orc hits you.
* * * LOW HITPOINT WARNING * * *
The orc priest hits the ogre with a dagger.
You strike the helpless ogre from behind!
You hit the ogre but do no damage.
The ogre is almost dead.
You hit the orc. The orc hits you but does no damage.
The ogre closely misses you.
The orc priest hits the ogre but does no damage.
The orc barely misses the ogre.
The orc priest barely misses the ogre.
You barely miss the orc.
The orc is heavily wounded.
The orc completely misses you.
You hit the ogre.
The ogre is almost dead.
You hit the orc.
You kill the orc!
Beogh accepts your kill.
The ogre hits you with a giant spiked club!
You die...

..# .# #.##.#
# ##..#$###..
.$........
#.?.....#
#...o...#
#..o...[#
#<.$...(#
#@..o...#
#.##[O.....#
#..........#
###)........#
.)o...$.....
#.##..####?..
#o
##.......## #
........# .##
#<#


You could see an ogre, a neutral orc priest (wandering) and 4 neutral orcs.

Vanquished Creatures
  3 adders
  A shadow imp (D:2)
  A worm (D:2)
  2 dart slugs
  2 leopard geckos (D:1)
  2 orcs (D:3)
  2 ball pythons (D:1)
  2 giant cockroaches
  6 goblins
  3 hobgoblins
  5 jackals (D:2)
  3 quokkas (D:2)
  6 bats
  4 frilled lizards
  4 kobolds
  2 rats (D:1)
48 creatures vanquished.

Vanquished Creatures (others)
  An orc (D:3)
1 creature vanquished.

Grand Total: 49 creatures vanquished

Notes
Turn   | Place    | Note
-------+----------+-------------------------------------------
     0 | D:1      | Faustar the Hill Orc Monk began the quest for the Orb.
     0 | D:1      | Reached XP level 1. HP: 19/19 MP: 1/1
   108 | D:1      | Reached XP level 2. HP: 21/27 MP: 2/2
   426 | D:1      | Found a sparkling altar of Nemelex Xobeh.
   613 | D:1      | Reached XP level 3. HP: 34/34 MP: 3/3
   803 | D:2      | Noticed Sigmund
   824 | D:1      | Reached skill level 5 in Axes
  1091 | D:2      | Found a blossoming altar of Fedhas.
  1097 | D:2      | Found a glowing silver altar of Zin.
  1098 | D:2      | Noticed Natasha
  1406 | D:2      | Reached XP level 4. HP: 38/41 MP: 4/4
  1449 | D:2      | Reached skill level 5 in Fighting
  1999 | D:3      | Noticed an ogre
  2022 | D:3      | Became a worshipper of Beogh the Brigand
  2022 | D:3      | Reached * piety under Beogh
  2022 | D:3      | Reached ** piety under Beogh
  2038 | D:3      | Slain by an ogre

Vault maps used:
D:1:      nzn_arrival_water_spiral, nemelex_xobeh_ov_fountains_minmay
D:2:      nicolae_overflow_quartered_altars, chequers_ecumenical_altar_twisty,
          uniq_sigmund, uniq_jessica, uniq_natasha
D:3:      lemuel_crystal_altar

Skill      XL: |  1  2  3  4 |
---------------+-------------+-----
Fighting       | 4 5 |  5.1
Axes           | 5 |  5.6
Dodging        | |  2.4
Stealth        | |  1.5

Action                   |  1- 3 |  4- 6 || total
-------------------------+-------+-------++-------
Melee: Hand axe          |   106 |    66 ||   172
Invok: Convert to Beogh  |       |     1 ||     1
  Use: Potion            |     1 |       ||     1
 Stab: Sleeping          |     1 |       ||     1
       Distracted        |       |     1 ||     1
  Eat: Chunk             |       |     3 ||     3
Armor: Robe              |     3 |       ||     3
       Ring mail         |    18 |    18 ||    36
Dodge: Dodged            |    72 |    46 ||   118

Table legend:
 A = Spawn XP
 B = Non-spawn XP
 C = Spawn XP percentage of total XP
 D = Spawn monster count
 E = Non-spawn monster count
 F = Spawn count percentage of total count
 G = Total turns spent on level
                    A         B        C        D         E        F      G
               +---------+---------+-------+---------+---------+-------+---------
         Total |       0 |     136 |   0.0 |       0 |      48 |   0.0 |  2038
               +---------+---------+-------+---------+---------+-------+---------
           D:1 |       0 |      49 |   0.0 |       0 |      21 |   0.0 |  1063
           D:2 |       0 |      83 |   0.0 |       0 |      25 |   0.0 |   956
           D:3 |       0 |       4 |   0.0 |       0 |       2 |   0.0 |    19
               +---------+---------+-------+---------+---------+-------+---------
